 Dungeon Sprint DCSS version 0.30.1-9-gdf580d7c3d (webtiles) character file.

Game seed: 17878614486696683128

7800000 Heoruswealwe the Intangible (level 27, -35/228 HPs)
             Began as a Djinni Gladiator on Sept 27, 2023.
             Was the Champion of Makhleb.
             Annihilated by a meat berserker
             ... wielding a +9 battleaxe
              (47 damage)
             ... in the Dungeon (Sprint VIII: "Arena of Blood").
             The game lasted 00:10:14 (78 turns).

Heoruswealwe the Intangible (Djinni Gladiator)        Turns: 78, Time: 00:10:16

Health: -35/228    AC:  8    Str: 23    XL:     27
Gold:   0          EV: 29    Int: 12    God:    Makhleb [******] SH:  0 Dex: 17

rFire   + + .        k - +∞ Axe of Woe
rCold   x . .        (shield currently unavailable)
rNeg    . . .        b - +0 leather armour
rPois   ∞            c - +0 helmet
rElec   .            (no cloak)
rCorr   .            (no gloves)
SInv    .            (boots unavailable)
Will    ++...        (no amulet)
Stlth   +++++++++    (no ring)
HPRegen 0.58/turn    (no ring)
MPRegen 0.00/turn

%: no teleportation, infuse magic (-36 HP)
@: calling dragons, flying, slowed, very slow
A: sickness immunity, fire resistance 2, cold vulnerability 1, float, innate
caster, HP casting, extra vitality 1
a: Renounce Religion, Minor Destruction, Lesser Servant of Makhleb, Major
Destruction, Greater Servant of Makhleb


You were in the Dungeon.
You worshipped Makhleb.
Makhleb was exalted by your worship.
You visited 1 branch

Inventory:

Hand Weapons
 a - a +0 war axe
 k - the +∞ Axe of Woe (weapon)
   (You found it in the Dungeon)
Missiles
 d - 3 throwing nets (quivered)
 e - a javelin
Armour
 b - a +0 leather armour (worn)
 c - a +0 helmet (worn)
Scrolls
 j - a scroll of blinking
Potions
 f - a potion of curing
 g - a potion of heal wounds
 h - a potion of haste
 i - a potion of berserk rage


   Skills:
 O Level 27 Fighting
 O Level 27 Short Blades
 O Level 27 Long Blades
 O Level 27 Axes
 O Level 27 Maces & Flails
 O Level 27 Polearms
 O Level 27 Staves
 O Level 27 Ranged Weapons
 O Level 27 Throwing
 O Level 27 Armour
 O Level 27 Dodging
 O Level 27 Stealth
 O Level 27 Shields
 O Level 27 Unarmed Combat
 O Level 27 Spellcasting
 O Level 27 Invocations
 O Level 27 Evocations


You knew the following spells:

 Your Spells              Type           Power      Damage    Failure   Level
a - Sandblast             Erth           100%       2d20      0%          1
b - Momentum Strike       Conj/Tloc      100%       3d10      0%          2
c - Blink                 Tloc           100%       N/A       0%          2
d - Gell's Gravitas       Tloc           69%        N/A       0%          3
e - Animate Dead          Necr           69%        N/A       0%          4
f - Arcjolt               Conj/Air       34%        1d44      0%          5
g - Conjure Ball Lightni  Conj/Air       34%        3x3d11    0%          6
h - Death Channel         Necr           34%        N/A       0%          6
i - Summon Cactus Giant   Summ           34%        N/A       0%          6
j - Haunt                 Necr/Summ      34%        N/A       1%          7
k - Borgnjor's Revivific  Necr           34%        N/A       1%          8
l - Lehudib's Crystal Sp  Conj/Erth      34%        10d9      1%          8
m - Dragon's Call         Summ           34%        N/A       3%          9
Your spell library was empty.

Dungeon Overview and Level Annotations

Branches:
Dungeon (1/1)

Altars:
Makhleb


Innate Abilities, Weirdness & Mutations

You are immune to sickness and miasma.
You are immune to poison.
Your flesh is very heat resistant. (rF++)
You are vulnerable to cold. (rC-)
You float through the air rather than walking.
You learn spells naturally, not from books.
Your magical power is your life essence.
You have superior vitality. (+4 MHP)


Message History

Your ice dragon completely misses the accursed.
Your ice dragon barely misses the accursed.
A meat beast comes into view.
You hear a shout! x2
Your shadow dragon bites the accursed!
Your shadow dragon claws the accursed!
Your shadow dragon claws the accursed but does no damage.
A destroyer comes into view. It is wielding a +9 heavy great sword.
Your ice dragon convulses!
Your fire dragon is engulfed in blazing flames.
Your fire dragon breathes flames at the accursed.
The blast of flame hits the accursed!!
Your ice dragon is smitten.
Your ice dragon dies!
Your ice dragon's corpse disappears in a puff of smoke!
You are engulfed in blazing flames.
You resist.
* * * LOW HITPOINT WARNING * * *
A dragon arrives to answer your call!
* * * LOW HITPOINT WARNING * * *
The meat berserker hits your shadow dragon with a +9 battleaxe!!!
Your shadow dragon dies!
Your shadow dragon's corpse disappears in a puff of smoke!
The meat berserker hits your ice dragon with a +9 battleaxe!!
You hear a shout! x3
A large bag of meat comes into view. It is wielding a +9 giant spiked club.
The accursed casts a spell at you. Something smites you!
* * * LOW HITPOINT WARNING * * *
The dread calls on the powers of darkness!
Your fire dragon convulses!
Your body is wracked with pain!
* * * LOW HITPOINT WARNING * * *
The meat berserker convulses!
The bag of meat convulses!
The meat berserker convulses! x2
The accursed points at you and mumbles some strange words.
Something smites you!
* * * LOW HITPOINT WARNING * * *
A meat berserker comes into view. It is wielding a +9 battleaxe.
You hear a shout!
The meat berserker hits you with a +9 battleaxe!!!
You die...

....#.)))).)._.......
......°)))))###.......
......O###))))..M###.V
........ #)).)...#.2..
.........#.)2)○..#O.D.
#..........{○§.§..§OOO
.#.#.O.O...§§○○)...Mo#
.#.........☼☼§§o...#
.....MWMD@)..##..
...#....O...#..W.
....{.......#...#
##.#O.{..... .
.............
...§#.....####
...§.......
............


You could see 4 accurseds, 2 meat beasts, a destroyer, a large bag of meat
(inner flame, distracted), 2 dreads, 6 meat berserkers, 2 bags of meat, a
friendly fire dragon (summoned) and a friendly ice dragon (summoned).

Vanquished Creatures
  3 hell beasts (D)
  4 royal mummies (D)
  A wraith (D)
  13 vampire knights (D)
  35 ogres (D)
  6 two-headed ogres (D)
  2 liches (D)
  65 orcs (D)
  8 skeletal warriors (D)
137 creatures vanquished.

Notes
Turn   | Place    | Note
-------+----------+-------------------------------------------
     0 | D        | Found the +∞ Axe of Woe
     0 | D        | Heoruswealwe the Djinni Gladiator began the quest for the
                  | Orb.
     0 | D        | Reached XP level 1. HP: 18/18 MP: 0/0
     2 | D        | Noticed a bag of meat
     3 | D        | Noticed a bag of meat
     4 | D        | Became a worshipper of Makhleb the Destroyer
     5 | D        | Killed a bag of meat
     5 | D        | Noticed a bag of meat
     6 | D        | Reached skill level 10 in Axes
     6 | D        | Reached XP level 2. HP: 38/38 MP: 0/0
     6 | D        | Reached XP level 3. HP: 43/43 MP: 0/0
     6 | D        | Learned a level 1 spell: Sandblast
     6 | D        | Reached XP level 4. HP: 49/49 MP: 0/0
     6 | D        | Reached XP level 5. HP: 55/55 MP: 0/0
     6 | D        | Learned a level 2 spell: Momentum Strike
     6 | D        | Reached XP level 6. HP: 61/61 MP: 0/0
     6 | D        | Reached XP level 7. HP: 67/67 MP: 0/0
     6 | D        | Learned a level 2 spell: Blink
     6 | D        | Reached XP level 8. HP: 72/72 MP: 0/0
     6 | D        | Reached XP level 9. HP: 77/77 MP: 0/0
     6 | D        | Learned a level 3 spell: Gell's Gravitas
     6 | D        | Reached XP level 10. HP: 84/84 MP: 0/0
     6 | D        | Reached XP level 11. HP: 89/89 MP: 0/0
     6 | D        | Learned a level 4 spell: Animate Dead
     6 | D        | Noticed a meat berserker
     7 | D        | Noticed a meat berserker
     8 | D        | Killed a bag of meat
     8 | D        | Reached * piety under Makhleb
     9 | D        | Reached skill level 15 in Dodging
     9 | D        | Reached XP level 12. HP: 99/99 MP: 0/0
     9 | D        | Noticed a bag of meat
     9 | D        | Noticed a bag of meat
    10 | D        | Noticed a bag of meat
    10 | D        | Noticed a meat berserker
    10 | D        | Noticed a bag of meat
    10 | D        | Noticed a bag of meat
    11 | D        | Killed a meat berserker
    11 | D        | Killed a meat berserker
    11 | D        | Noticed a meat berserker
    11 | D        | Noticed a bag of meat
    11 | D        | Noticed a bag of meat
    12 | D        | Reached skill level 15 in Axes
    12 | D        | Reached XP level 13. HP: 112/112 MP: 0/0
    12 | D        | Learned a level 5 spell: Arcjolt
    12 | D        | Reached XP level 14. HP: 119/119 MP: 0/0
    12 | D        | Killed a bag of meat
    12 | D        | Reached ** piety under Makhleb
    13 | D        | Noticed a meat berserker
    13 | D        | Noticed a bag of meat
    14 | D        | Killed a meat berserker
    14 | D        | Killed a bag of meat
    14 | D        | Killed a bag of meat
    14 | D        | Reached *** piety under Makhleb
    14 | D        | Noticed a bag of meat
    15 | D        | Reached XP level 15. HP: 130/130 MP: 0/0
    15 | D        | Learned a level 6 spell: Conjure Ball Lightning
    15 | D        | Killed a meat berserker
    16 | D        | Reached XP level 16. HP: 140/140 MP: 0/0
    16 | D        | Noticed a meat berserker
    17 | D        | Noticed a meat berserker
    18 | D        | Reached **** piety under Makhleb
    18 | D        | Noticed a meat berserker
    19 | D        | Reached XP level 17. HP: 149/149 MP: 0/0
    19 | D        | Learned a level 6 spell: Death Channel
    19 | D        | Noticed a meat berserker
    20 | D        | Killed a meat berserker
    20 | D        | Reached ***** piety under Makhleb
    20 | D        | Noticed a destroyer
    21 | D        | Killed a meat berserker
    21 | D        | Noticed a meat berserker
    22 | D        | Reached skill level 27 in Dodging
    22 | D        | Reached XP level 18. HP: 163/163 MP: 0/0
    22 | D        | Noticed a meat berserker
    22 | D        | Noticed a meat berserker
    23 | D        | Killed a meat berserker
    23 | D        | Reached ****** piety under Makhleb
    23 | D        | Noticed a meat berserker
    23 | D        | Noticed a meat berserker
    24 | D        | Reached skill level 27 in Fighting
    24 | D        | Reached skill level 27 in Invocations
    24 | D        | Reached skill level 27 in Evocations
    24 | D        | Reached XP level 19. HP: 174/174 MP: 0/0
    24 | D        | Learned a level 6 spell: Summon Cactus Giant
    24 | D        | Killed a meat berserker
    24 | D        | Noticed a destroyer
    24 | D        | Noticed a destroyer
    24 | D        | Noticed a large bag of meat
    25 | D        | Reached skill level 27 in Axes
    26 | D        | Noticed a meat berserker
    26 | D        | Killed a meat berserker
    26 | D        | Killed a destroyer
    26 | D        | Killed a meat berserker
    26 | D        | Noticed a meat berserker
    27 | D        | Reached skill level 10 in Armour
    27 | D        | Reached XP level 20. HP: 181/181 MP: 0/0
    28 | D        | Reached skill level 10 in Shields
    28 | D        | Reached skill level 10 in Unarmed Combat
    28 | D        | Killed a meat berserker
    29 | D        | Reached skill level 10 in Short Blades
    29 | D        | Reached skill level 10 in Long Blades
    29 | D        | Reached skill level 10 in Staves
    29 | D        | Reached skill level 10 in Stealth
    29 | D        | Reached XP level 21. HP: 187/187 MP: 0/0
    29 | D        | Learned a level 7 spell: Haunt
    29 | D        | Killed a meat berserker
    29 | D        | Noticed a destroyer
    30 | D        | Reached skill level 10 in Maces & Flails
    30 | D        | Reached skill level 10 in Polearms
    30 | D        | Reached skill level 10 in Ranged Weapons
    30 | D        | Noticed a large bag of meat
    30 | D        | Killed a meat berserker
    30 | D        | Killed a destroyer
    30 | D        | Killed a meat berserker
    31 | D        | Reached skill level 15 in Armour
    31 | D        | Reached skill level 15 in Shields
    31 | D        | Reached skill level 15 in Unarmed Combat
    31 | D        | Reached XP level 22. HP: 194/194 MP: 0/0
    31 | D        | Noticed a meat berserker
    32 | D        | Killed a meat berserker
    32 | D        | Killed a large bag of meat
    32 | D        | Noticed a destroyer
    33 | D        | Killed a destroyer
    34 | D        | Reached skill level 15 in Maces & Flails
    34 | D        | Reached skill level 15 in Polearms
    34 | D        | Reached skill level 15 in Ranged Weapons
    34 | D        | Reached skill level 15 in Throwing
    34 | D        | Reached XP level 23. HP: 161/201 MP: 0/0
    34 | D        | Learned a level 8 spell: Borgnjor's Revivification
    36 | D        | Reached skill level 15 in Spellcasting
    36 | D        | Reached XP level 24. HP: 202/208 MP: 0/0
    36 | D        | Noticed a destroyer
    36 | D        | Killed a destroyer
    39 | D        | Reached XP level 25. HP: 208/214 MP: 0/0
    39 | D        | Learned a level 8 spell: Lehudib's Crystal Spear
    39 | D        | Killed a destroyer
    42 | D        | Noticed a large bag of meat
    43 | D        | Killed a destroyer
    44 | D        | Reached XP level 26. HP: 221/221 MP: 0/0
    45 | D        | Noticed an accursed
    45 | D        | Noticed a tyrant
    48 | D        | Noticed a destroyer
    48 | D        | Killed a large bag of meat
    49 | D        | Noticed a destroyer
    50 | D        | Killed a destroyer
    50 | D        | Noticed a destroyer
    51 | D        | Reached XP level 27. HP: 213/228 MP: 0/0
    51 | D        | Learned a level 9 spell: Dragon's Call
    53 | D        | Noticed an accursed
    53 | D        | Noticed a destroyer
    53 | D        | Noticed a destroyer
    54 | D        | Killed an accursed
    54 | D        | Noticed a large bag of meat
    55 | D        | Reached skill level 27 in Armour
    55 | D        | Reached skill level 27 in Shields
    55 | D        | Reached skill level 27 in Unarmed Combat
    55 | D        | Killed a destroyer
    56 | D        | Killed a destroyer
    56 | D        | Noticed a destroyer
    57 | D        | Noticed a destroyer
    57 | D        | Noticed a tyrant
    57 | D        | Noticed an accursed
    57 | D        | Killed a large bag of meat
    58 | D        | Reached skill level 27 in Short Blades
    58 | D        | Reached skill level 27 in Long Blades
    58 | D        | Reached skill level 27 in Staves
    58 | D        | Reached skill level 27 in Stealth
    58 | D        | Killed a tyrant
    58 | D        | Killed a destroyer
    58 | D        | Noticed a meat beast
    59 | D        | Reached skill level 27 in Maces & Flails
    59 | D        | Reached skill level 27 in Polearms
    59 | D        | Reached skill level 27 in Ranged Weapons
    59 | D        | Reached skill level 27 in Throwing
    59 | D        | Killed a destroyer
    59 | D        | Killed a destroyer
    60 | D        | Reached skill level 27 in Spellcasting
    60 | D        | Killed a tyrant
    61 | D        | Killed a meat beast
    61 | D        | Noticed an accursed
    63 | D        | Killed a destroyer
    63 | D        | Killed a large bag of meat
    63 | D        | Noticed a large bag of meat
    66 | D        | Noticed a large bag of meat
    66 | D        | Noticed an accursed
    66 | D        | Noticed an accursed
    70 | D        | Noticed a dread
    70 | D        | Killed a large bag of meat
    70 | D        | Noticed a meat beast
    70 | D        | Noticed an accursed
    71 | D        | Noticed a meat beast
    71 | D        | Noticed a dread
    72 | D        | Killed an accursed
    73 | D        | Killed a meat beast
    75 | D        | Killed a meat beast
    75 | D        | Killed a large bag of meat
    75 | D        | Killed a dread
    75 | D        | Noticed an accursed
    76 | D        | Noticed a meat beast
    77 | D        | Killed an accursed
    77 | D        | Killed an accursed
    77 | D        | Noticed a dread
    77 | D        | Noticed a meat beast
    77 | D        | Noticed a destroyer
    78 | D        | Noticed a large bag of meat
    78 | D        | Annihilated by a meat berserker

Illustrated notes

Levels and vault maps discovered:
D:        meatsprint

Skill      XL: |  1  2  3  4  5  6  7  8  9 10 11 12 13 14 15 16 17 18 19 20 21 22 23 24 25 26 27 |
---------------+----------------------------------------------------------------------------------+-----
Fighting       | 12 13 17 20 21 22 25 27 | 27.0
Axes           | 10 11 15 17 18 19 21 26 27 | 27.0
Dodging        | 13 15 19 21 23 24 27 | 27.0
Invocations    | 11 13 17 20 21 22 25 27 | 27.0
Evocations     | 11 13 17 20 21 22 25 27 | 27.0
Short Blades   | 9 10 13 16 18 20 22 23 27 | 27.0
Long Blades    | 9 10 13 16 18 20 22 23 27 | 27.0
Maces & Flails | 8 9 12 15 16 18 20 22 27 | 27.0
Polearms       | 8 9 12 15 16 18 20 22 27 | 27.0
Staves         | 9 10 13 16 18 20 22 23 27 | 27.0
Ranged Weapons | 8 9 12 15 16 18 20 22 27 | 27.0
Throwing       | 8 9 12 15 16 18 20 22 27 | 27.0
Armour         | 10 11 15 17 19 21 23 25 27 | 27.0
Stealth        | 9 10 13 16 18 20 22 23 27 | 27.0
Shields        | 9 11 15 17 19 21 23 25 27 | 27.0
Unarmed Combat | 9 11 15 17 19 21 23 25 27 | 27.0
Spellcasting   | 7 8 11 13 15 17 18 20 27 | 27.0

Action                     |  1- 3 |  4- 6 |  7- 9 | 10-12 | 13-15 | 16-18 | 19-21 | 22-24 | 25-27 || total
---------------------------+-------+-------+-------+-------+-------+-------+-------+-------+-------++-------
  Melee: Executioner's axe |     1 |       |       |     2 |     3 |     5 |     6 |     7 |    32 ||    56
   Cast: Blink             |       |       |       |       |       |       |       |       |     1 ||     1
         Dragon's Call     |       |       |       |       |       |       |       |       |     1 ||     1
 Armour: Leather armour    |       |       |       |       |       |       |       |       |     2 ||     2
  Dodge: Dodged            |       |       |       |     1 |       |       |     1 |       |     6 ||     8
